 Dungeon Crawl Stone Soup version 0.19-a0-678-ge7aab0b (webtiles) character file.

242 LORDOFBUTT the Shield-Bearer (level 5, 0/47 HPs)
             Began as a Minotaur Fighter on June 17, 2016.
             Slain by Pikel
             ... wielding a +0 whip of flaming
              (2 damage)
             ... on level 4 of the Dungeon.
             The game lasted 00:03:33 (1913 turns).

LORDOFBUTT the Shield-Bearer (Minotaur Fighter)     Turns: 1913, Time: 00:03:35

Health: 0/47       AC: 10    Str: 26    XL:     5   Next: 82%
Magic:  4/4        EV: 10    Int:  8    God:
Gold:   158        SH: 10    Dex: 10    Spells: 0 memorised, 4 levels left

rFire  . . .     SeeInvis .     a - +0 war axe
rCold  . . .     Gourm    .     x - +4 ring mail of Zuqy {MR+ Int+3}
rNeg   . . .     Faith    .     c - +0 shield
rPois  +         Spirit   .     (helmet restricted)
rElec  .         Dismiss  .     (no cloak)
rCorr  .         Reflect  .     (no gloves)
SustAt .         Harm     .     (no boots)
MR     +....                    (no amulet)
Stlth  ..........               l - ring of flight
                                j - ring of poison resistance

@: mighty, somewhat resistant to hostile enchantments, extremely unstealthy
A: retaliatory headbutt, horns 2
a: Evoke Flight


You were on level 4 of the Dungeon.
You were not hungry.

You visited 1 branch of the dungeon, and saw 4 of its levels.

You collected 158 gold pieces.

Inventory:

Hand Weapons
 a - a +0 war axe (weapon)
Armour
 c - a +0 shield (worn)
 x - the +4 ring mail of Zuqy (worn) {MR+ Int+3}
   (You found it on level 4 of the Dungeon)

   It affects your intelligence (+3).
   It affects your resistance to hostile enchantments.
Jewellery
 j - a ring of poison resistance (left hand)
 l - a ring of flight (right hand)
Scrolls
 b - a scroll of enchant weapon {unknown}
 g - 5 scrolls of remove curse
 h - a scroll of enchant armour {unknown}
 m - a scroll of noise {unknown}
 o - 2 scrolls of magic mapping {unknown}
 q - a scroll of blinking {unknown}
 s - a scroll of recharging {unknown}
Potions
 d - 2 potions of brilliance
 e - 2 potions of lignification
 i - a potion of ambrosia {unknown}
 k - a potion of berserk rage {unknown}
 n - 2 potions of curing {unknown}
 p - a potion of haste {unknown}
 u - 2 potions of magic {unknown}
 w - a potion of flight {unknown}
Comestibles
 f - 2 bread rations
 r - a beef jerky
 t - a meat ration


   Skills:
 + Level 4.4 Fighting
 + Level 3.3 Axes
 + Level 4.6 Armour
 + Level 2.3 Dodging
 + Level 0.1 Stealth
 + Level 5.6 Shields


You had 4 spell levels left.
You didn't know any spells.

Dungeon Overview and Level Annotations

Branches:
Dungeon (4/15)
 Temple: D:4-7

Altars:
Makhleb
Nemelex Xobeh
Pakellas
Sif Muna

Annotations:
D:4 Pikel


Innate Abilities, Weirdness & Mutations

You reflexively headbutt those who attack you in melee.
You have a pair of horns on your head.


Message History

You barely miss the slave.
The slave is severely wounded.
The slave hits you but does no damage. You block the slave's attack.
Pikel hits you with a whip of flaming. Pikel burns you. The slave hits you.
* * * LOW HITPOINT WARNING * * *
You block the slave's attack. x2
You slash Pikel! Your headbutt misses Pikel.
Pikel is almost dead.
You miss the slave.
The slave is severely wounded.
You hit the slave.
You kill the slave!
That felt strangely unrewarding.
Your shield prevents you from hitting the slave.
The slave is severely wounded.
Pikel hits you but does no damage. The slave hits you but does no damage.
The slave barely misses you. Pikel hits you with a whip of flaming!
* * * LOW HITPOINT WARNING * * *
Pikel burns you.
You die...

#.#......... #.#.###.....
###### #.#.#....... # #
#....####.#.#.#.....
#...#.##...................
........................#.#
#.#.#.##............##....#
#....[pK........##.#..#
#....p@...............#
#...........(...##.#p##
#!..............##.#..#
#............#####.##K# #
#.#............# ###.##..
#.#.#............# #...###.
##.#.#.########...###...###.
...........................
#.#.#............###...###.


You could see Pikel and 2 slaves.

Vanquished Creatures
  A slave (D:4)
  A phantom (D:4)
  Jessica (D:2)
  A worker ant (D:4)
  Robin (D:2)
  An adder (D:2)
  2 oozes (D:2)
  An adder skeleton (D:4)
  A dart slug (D:1)
  2 giant geckos
  2 orcs
  3 giant cockroaches
  17 goblins
  9 hobgoblins
  2 jackals (D:1)
  6 kobolds
  A quokka (D:3)
  A ball python (D:1)
  11 bats
  A giant gecko skeleton (D:4)
  A giant newt (D:2)
  9 rats
75 creatures vanquished.

Notes
Turn   | Place    | Note
--------------------------------------------------------------
     0 | D:1      | LORDOFBUTT the Minotaur Fighter began the quest for the Orb.
     0 | D:1      | Reached XP level 1. HP: 19/19 MP: 0/0
   160 | D:1      | Reached XP level 2. HP: 27/27 MP: 1/1
   267 | D:1      | Reached skill level 4 in Shields
   618 | D:2      | Reached XP level 3. HP: 33/33 MP: 2/2
   624 | D:2      | Found a deep blue altar of Sif Muna.
   717 | D:2      | Found a burning altar of Makhleb.
   721 | D:2      | Reached skill level 1 in Dodging
   848 | D:2      | Found an oddly glowing altar of Pakellas.
   989 | D:2      | Noticed Robin
   994 | D:2      | Reached XP level 4. HP: 35/40 MP: 3/3
   999 | D:2      | Killed Robin
  1014 | D:2      | Noticed Jessica
  1017 | D:2      | Killed Jessica
  1017 | D:2      | Reached skill level 5 in Shields
  1617 | D:4      | Got an ancient ring mail
  1628 | D:4      | Identified the +4 ring mail of Zuqy {MR+ Int+3} (You found it on level 4 of the Dungeon)
  1631 | D:4      | Noticed a phantom
  1664 | D:4      | Killed a phantom
  1664 | D:4      | Reached XP level 5. HP: 36/47 MP: 4/4
  1833 | D:4      | Found a sparkling altar of Nemelex Xobeh.
  1834 | D:4      | Noticed a slave
  1834 | D:4      | Noticed a slave
  1835 | D:4      | Noticed Pikel
  1835 | D:4      | Noticed a slave
  1835 | D:4      | Noticed a slave
  1913 | D:4      | Killed a slave
  1913 | D:4      | HP: 2/47 [Pikel/whip of flaming (9)]
  1913 | D:4      | Slain by Pikel

Vault maps used:
D:1:      lemuel_arrival_muddy, hangedman_decor_riveting
D:2:      led_sif_pool, old_standard_altar, lemuel_round_altar,
          eino_tiny_chamber, hangedman_decor_growths, st_stairs_6, uniq_robin,
          uniq_jessica
D:3:      st_stairs_13
D:4:      minmay_opposing_rooms, grunt_temple_overflow_open,
          portal_sewer_entry_b, first_bread, nicolae_qazlal_eye_of_the_storm,
          uniq_pikel

Skill      XL: |  1  2  3  4 |
---------------+-------------+-----
Shields        | 4 5 |  5.6
Fighting       | 4 |  4.4
Armour         | 4 |  4.6
Dodging        | 1 2 |  2.3
Axes           | 3 |  3.3
Stealth        | |  0.1

Action                   |  1- 3 |  4- 6 || total
-------------------------+-------+-------++-------
Melee: War axe           |    93 |    86 ||   179
       Headbutt          |    12 |    13 ||    25
  Use: Potion            |     1 |     1 ||     2
       Scroll            |       |     3 ||     3
  Eat: Bread ration      |       |     1 ||     1
Armor: Scale mail        |    37 |    20 ||    57
       Ring mail         |       |    23 ||    23
Dodge: Dodged            |    44 |    48 ||    92
Block: Shield            |    65 |    61 ||   126
